Map: Tokamak LE

Players

Creator

  • Race: Protoss Protoss
  • Spawn Location: 1:00

ByuN - Winner!

  • Race: Terran Terran
  • Spawn Location: 7:00

VOD

Have the link to the VOD?

Description

Time

  • Played on: Aug. 24, 2025, 6:56 a.m.
  • Length: 12:31
Show
View Real Time Build Order
Export as new Build Order

Creator Protoss 

Build Orders: 1 Gate Expand, Blink Stalkers, Zealot Archon 

Get SALT Encoding   

  12  0:00  Probe  
  13  0:12  Probe  
  14  0:17  Pylon  
  14  0:23  Probe  
  15  0:31  Probe  
  15  0:36  Gateway  
  15  0:40  Probe  
  16  0:45  Assimilator  
  17  0:50  Probe  
  18  1:03  Probe  
  19  1:15  Probe  
  20  1:25  Cybernetics Core  
  20  1:31  Nexus  
  20  1:38  Pylon  
  20  1:42  Probe  
  21  1:48  Assimilator  
  21  1:51  Adept  
  21  1:54  Probe  
  24  2:01  Warp Gate  
  24  2:06  Probe  
  25  2:11  Adept  
  25  2:18  Probe  
  28  2:26  Twilight Council  
  28  2:30  Probe  
  29  2:38  Stalker  
  29  2:39  Probe  
  29  2:43  Probe  
  33  2:47  Probe  
  33  2:51  Blink  
  33  2:55  Probe  
  33  2:57  Probe  
  35  3:05  Gateway  
  36  3:09  Probe  
  36  3:11  Probe  
  38  3:17  Gateway  
  38  3:21  Probe  
  38  3:23  Probe  
  40  3:28  Robotics Facility  
  40  3:34  Probe, Pylon  
  40  3:36  Probe  
  42  3:46  Probe  
  42  3:48  Probe  
  44  3:49  Stalker  
  44  3:54  Shield Battery  
  44  3:55  Pylon  
  46  3:57  Shield Battery  
  46  3:58  Probe  
  46  4:00  Probe  
  48  4:04  Stalker  
  48  4:05  Warp Prism  
  50  4:11  Stalker  
  54  4:20  Probe x2  
  56  4:25  Assimilator  
  56  4:26  Assimilator  
  56  4:29  Stalker  
  58  4:34  Pylon  
  58  4:35  Stalker  
  58  4:37  Probe  
  58  4:53  Pylon  
  58  5:00  Stalker x3  
  58  5:02  Probe x2  
  66  5:16  Probe x2  
  62  5:25  Probe x2  
  62  5:26  Templar Archives  
  62  5:34  Probe  
  62  5:35  Probe  
  66  5:43  Nexus  
  66  5:44  Observer  
  66  5:47  Probe x2  
  69  5:50  Pylon  
  69  5:52  Stalker, Pylon  
  71  5:59  Psionic Storm  
  71  6:00  Probe x2  
  73  6:12  Probe x2  
  73  6:14  High Templar x2  
  79  6:24  Probe x2  
  81  6:27  High Templar  
  81  6:29  Gateway  
  81  6:30  Gateway  
  81  6:31  Gateway  
  81  6:32  Shield Battery  
  83  6:39  Probe  
  85  6:40  Probe, Charge  
  85  6:50  High Templar, Zealot  
  85  6:53  Gateway  
  89  6:54  Gateway  
  87  7:02  Immortal  
  87  7:06  Zealot  
  93  7:11  Probe x3  
  93  7:12  Zealot  
  98  7:23  Zealot  
  98  7:24  Zealot  
  98  7:27  Pylon  
  98  7:28  Zealot x2, Pylon  
  104  7:37  Probe x3  
  106  7:45  Immortal  
  106  7:48  High Templar x2, Zealot x2  
  106  7:49  Zealot x2  
  122  7:52  Archon  
  122  7:55  Zealot  
  122  7:58  Pylon  
  124  8:00  Forge  
  124  8:01  Robotics Bay  
  124  8:21  Zealot  
  124  8:22  Zealot x3  
  124  8:25  Pylon  
  124  8:26  Pylon  
  113  8:34  Colossus  
  92  8:41  Protoss Ground Weapons Level 1  
  92  8:42  Stalker  
  92  8:47  Archon  
  90  8:53  Extended Thermal Lance  
  90  8:54  Zealot x7  
  106  9:13  Colossus  
  106  9:19  Nexus  
  106  9:23  Sentry  
  108  9:26  Probe x3  
  117  9:34  High Templar  
  117  9:42  Stalker  
  117  9:43  Zealot, Stalker, Pylon  
  117  9:44  Probe x3  
  124  9:46  Pylon  
  124  9:48  Sentry, Zealot x2  
  130  9:54  Pylon  
  130  9:56  Zealot  
  132  10:03  Gateway, Colossus  
  132  10:07  Zealot x2  
  132  10:11  Stalker  
  143  10:17  Zealot x2  
  145  10:23  Stalker x2  
  145  10:34  Zealot x4  
  142  10:45  Zealot, Stalker  
  142  10:47  Zealot x2  
  140  11:02  Zealot x5  
  140  11:04  Colossus  
  90  11:14  Stalker x2  
  90  11:15  Zealot x2  
  84  11:26  Probe x2  
  84  11:27  Probe x2  
  84  11:30  Sentry, Zealot x2, Stalker  
  96  11:39  Zealot x3  
  102  11:51  Zealot x3  
  108  12:00  Zealot x2  
  108  12:01  Zealot  
  119  12:08  Zealot x2  
  103  12:19  Zealot x3  
Show
View Real Time Build Order
Export as new Build Order

ByuN Terran - Winner!

Build Orders: Cyclone Opening 

Get SALT Encoding   

  12  0:00  SCV  
  13  0:12  SCV  
  14  0:16  Supply Depot  
  14  0:24  SCV  
  15  0:38  SCV  
  15  0:40  Barracks  
  15  0:42  Refinery  
  16  0:50  SCV  
  17  1:02  SCV  
  18  1:14  SCV  
  19  1:29  Orbital Command  
  20  1:38  Command Center  
  19  1:40  Marine  
  20  1:51  Factory  
  20  1:54  SCV  
  20  1:59  Refinery  
  21  2:04  Barracks Tech Lab  
  21  2:06  SCV  
  22  2:11  Supply Depot  
  22  2:18  SCV  
  23  2:33  SCV, Marine  
  25  2:41  Cyclone  
  28  2:45  Starport, SCV  
  29  2:52  Orbital Command  
  29  2:55  Barracks Reactor  
  29  2:57  SCV  
  30  3:08  Orbital Command  
  30  3:09  Barracks, SCV  
  31  3:14  Widow Mine  
  33  3:21  SCV  
  33  3:26  Medivac  
  36  3:33  SCV  
  36  3:34  SCV  
  38  3:37  Supply Depot  
  38  3:39  Widow Mine  
  40  3:42  Marine  
  40  3:43  Marine  
  40  3:47  SCV x2  
  44  3:58  Marine  
  44  4:00  Marine x2, Starport Tech Lab  
  44  4:01  Supply Depot  
  47  4:04  SCV x2  
  47  4:09  Siege Tank  
  52  4:16  SCV x2  
  54  4:22  Marine x3  
  57  4:24  Banshee  
  57  4:28  Supply Depot  
  57  4:31  SCV x2  
  62  4:49  Marine x3  
  62  4:50  SCV x2, Siege Tank  
  68  4:54  Supply Depot  
  68  4:55  Refinery  
  68  5:02  SCV x2  
  68  5:04  Barracks  
  70  5:08  Engineering Bay  
  70  5:09  Supply Depot  
  70  5:16  Banshee, SCV, Marine x3  
  70  5:21  SCV  
  78  5:30  Supply Depot  
  78  5:31  Siege Tank  
  78  5:32  SCV  
  78  5:33  SCV  
  83  5:36  Terran Infantry Weapons Level 1  
  83  5:38  Supply Depot  
  83  5:42  Marine  
  83  5:43  Marine x2  
  83  5:47  Refinery  
  83  5:48  Supply Depot  
  86  5:51  SCV x2, Missile Turret  
  86  5:54  Supply Depot  
  88  6:03  SCV x2  
  86  6:05  Barracks Reactor  
  81  6:13  Factory Reactor  
  81  6:15  SCV, Combat Shield, Starport Reactor  
  81  6:16  Marauder x2, SCV, Concussive Shells  
  86  6:28  Command Center  
  86  6:33  Marine x2  
  86  6:37  Marauder x2, Barracks  
  86  6:39  Barracks  
  92  6:41  SCV  
  92  6:42  SCV  
  94  6:53  Ghost Academy  
  94  6:54  Marine  
  94  6:55  Marine  
  94  6:58  Medivac  
  94  6:59  Marauder x2  
  102  7:01  Medivac  
  102  7:06  SCV x2  
  106  7:12  Stimpack  
  106  7:17  Supply Depot  
  106  7:18  Supply Depot, SCV x2, Marine x2  
  106  7:21  Widow Mine x2  
  114  7:29  Marauder x2, Barracks Tech Lab  
  118  7:30  Barracks Reactor  
  118  7:38  Medivac  
  118  7:40  Medivac  
  118  7:42  SCV x2  
  121  7:49  Ghost  
  124  7:54  SCV x2, Ghost  
  129  8:00  Marine x2  
  129  8:03  Terran Infantry Armor Level 1  
  131  8:06  SCV x2  
  131  8:08  Orbital Command  
  131  8:09  Supply Depot  
  131  8:10  Supply Depot, Refinery x2  
  133  8:14  Missile Turret  
  133  8:18  SCV x2  
  133  8:20  Marauder  
  133  8:21  Marauder  
  136  8:28  Viking, Marine  
  136  8:30  SCV x2  
  130  8:35  SCV  
  93  8:42  SCV x2  
  93  8:43  Marauder x2  
  93  8:44  Marauder, Marine x3  
  93  8:46  Marine  
  93  8:47  SCV  
  95  8:54  SCV x2  
  99  8:55  Widow Mine  
  99  8:59  SCV  
  99  9:00  Widow Mine  
  99  9:02  Marine x2  
  104  9:03  Medivac  
  104  9:04  Medivac  
  104  9:06  SCV, Marine  
  104  9:07  SCV  
  104  9:08  Marine  
  112  9:14  Ghost  
  115  9:17  Ghost  
  115  9:23  Marauder  
  120  9:25  Marine x2  
  120  9:26  Marine  
  123  9:33  Medivac  
  123  9:35  Widow Mine  
  123  9:36  Widow Mine  
  129  9:41  SCV x3  
  129  9:43  Marauder  
  134  9:48  Command Center  
  134  9:50  Ghost x2  
  140  9:53  Marine x2  
  140  9:54  Marine x2  
  140  9:58  Viking  
  146  10:03  Viking  
  146  10:04  SCV x3  
  151  10:11  Supply Depot  
  151  10:14  Marauder  
  153  10:15  Marine x2  
  153  10:17  Marine  
  153  10:20  Marauder x2  
  158  10:28  Viking  
  158  10:30  Marine  
  158  10:33  Viking, Marine  
  158  10:35  Marauder  
  160  10:41  Marauder x2  
  161  10:46  Marine x2  
  161  10:48  Marine  
  164  10:56  Marauder  
  160  10:58  Viking  
  160  11:00  SCV x2  
  160  11:02  Marauder x2  
  160  11:03  Viking  
  145  11:04  SCV  
  119  11:12  SCV x2  
  119  11:16  SCV  
  119  11:18  Marauder  
  112  11:24  Marauder x2, SCV x2  
  112  11:25  Marine x2  
  119  11:28  SCV  
  121  11:35  Marine x2  
  121  11:37  SCV x2  
  121  11:38  Ghost  
  128  11:42  SCV  
  128  11:44  Ghost  
  132  11:50  Orbital Command  
  132  11:52  SCV x2  
  132  11:54  SCV  
  135  11:58  Ghost  
  138  12:01  Marine x2  
  138  12:02  Marine x2  
  134  12:19  SCV, Armory  
  134  12:21  Engineering Bay  
Tags
 
Add a new tag
Caveats
  • Supply blocks, unpowered buildings, or Contaminate may cause inaccurate times.
  • Supply counts are checked every 10 seconds.